 Dungeon Sprint DCSS version 0.27.0-66-gdc8fb28755 (webtiles) character file.

Game seed: 14740207173880884454

399 ABBCCCDDDD the Ducker (level 6, 0/50 HPs)
             Began as an Octopode Fighter on Aug 19, 2021.
             Was an Initiate of Trog.
             Splashed by a jelly's acid (9 damage)
             ... in the Dungeon (Sprint III: "The Ten Rune Challenge").
             The game lasted 00:01:35 (640 turns).

ABBCCCDDDD the Ducker (Octopode Fighter)             Turns: 640, Time: 00:01:36

Health: 0/50       AC:  1    Str: 15    XL:     6   Next: 84%
Magic:  6/6        EV: 14    Int: 11    God:    Trog [......]
Gold:   29         SH: 14    Dex: 11    Spells: 5/5 levels left

rFire    . . .     SeeInvis .     - Unarmed
rCold    . . .     Faith    .   a - +0 kite shield
rNeg     . . .     Spirit   .   (helmet restricted)
rPois    .         Reflect  .   (no amulet)
rElec    +         Harm     .   (no ring)
rCorr    .         Rampage  .   (no ring)
Will     .....     NoTele   +   (no ring)
Stlth    ++........             (no ring)
HPRegen  0.16/turn              (no ring)
MPRegen  0.10/turn              (no ring)
                                (no ring)
                                (no ring)

@: no status effects
A: almost no armour, amphibious, 8 rings, camouflage 1, gelatinous body 1,
(nimble swimmer 1), tentacles, large bone plates 1, screaming 1, electricity
resistance, weak 1
a: Renounce Religion


You were in the Dungeon.
You worshipped Trog.
Trog was noncommittal.
You visited 1 branch You collected 29 gold pieces.

Inventory:

Armour
 a - a +0 kite shield (worn)
Wands
 b - a wand of flame (14)
Scrolls
 h - a scroll of blinking
 j - 2 scrolls of immolation {unknown}
 k - a scroll of identify {unknown}
 n - a scroll of enchant armour {unknown}
Potions
 c - 2 potions of curing
 d - a potion of heal wounds
 e - a potion of haste
 f - 2 potions of magic
 g - a potion of berserk rage
 i - 2 potions of might
 l - 3 potions of flight
 m - 5 potions of mutation


   Skills:
 + Level 7.7 Fighting
 + Level 7.7 Dodging
 + Level 7.7 Shields
 + Level 7.3 Unarmed Combat


You had 5 spell levels left.
You didn't know any spells.
Your spell library was empty.

Dungeon Overview and Level Annotations

Branches:
Dungeon (1/1)

Altars:
Okawaru
Trog
Uskayaw
Wu Jian
Beogh


Innate Abilities, Weirdness & Mutations

You cannot wear most types of armour.
You are amphibious.
You can wear up to eight rings at the same time.
Your skin changes colour to match your surroundings (Stealth+).
Your rubbery body absorbs attacks. (AC +1, EV +1)
((You are camouflaged near water. (Stealth+)))
You have tentacles for arms and can constrict up to eight enemies at once.
You are partially covered in large bone plates. (SH +4)
You occasionally shout uncontrollably at your foes.
You are resistant to electric shocks. (rElec)
You are weak. (Str -2)


Message History

You open the door.
A jelly comes into view.
A shadow comes into view.
There is an open door here.
The helpless shadow fails to defend itself.
You tentacle-slap the shadow.
The shadow is lightly damaged.
The shadow slips into darkness.
The shadow flickers and vanishes!
Deactivating autopickup; reactivate with Ctrl-A.
The shadow strikes at you from the darkness!
Ouch! That really hurt!
Reactivating autopickup.
The jelly quivers.
You are too injured to fight recklessly!
You closely miss the shadow. Your squeeze misses the shadow.
The shadow is lightly damaged.
The shadow hits you.
You bludgeon the shadow! Your squeeze misses the shadow.
The shadow is moderately damaged.
You block the shadow's attack.
You tentacle-slap the shadow. You squeeze the shadow!
The shadow is severely damaged.
The jelly barely misses you. You block the shadow's attack.
You closely miss the shadow.
You tentacle-slap the shadow, but do no damage.
You squeeze the shadow, but do no damage.
The shadow is severely damaged.
You block the jelly's attack. You block the shadow's attack.
You tentacle-slap the shadow.
The shadow is severely damaged.
The jelly hits you.
You are splashed with acid!
* * * LOW HITPOINT WARNING * * *
You block the shadow's attack.
You closely miss the shadow.
The shadow is severely damaged.
The jelly hits you.
* * * LOW HITPOINT WARNING * * *
You are splashed with acid!
You die...

♣♣♣ ♣.# ##### ..♣
♣♣.# #___# ♣.♣ ..#
#__.#
≈♣♣♣♣♣.###+#'###+##
≈..♣.♣.#..........#
≈≈♣♣...'.⌠........#
≈≈≈≈♣..#...######'#
≈≈≈....#.⌠.# #W..#
≈≈.....#...# #.@.#
.......#+### #.J.#
÷......# #...+
.......# +...#
▓▓▓▓▓▓▓▓ ▓▓▓▓▓


You could see a shadow and a jelly.

Levels and vault maps discovered:
D:        dungeon_sprint_mu [sprint_mu_entry_forest, sprint_mu_temple_rooms,
          sprint_mu_d1_spiders, sprint_mu_d2_genie, sprint_mu_d3_branching,
          sprint_mu_orc_legion, sprint_mu_elf_gauntlet, sprint_mu_hive_nellie,
          sprint_mu_lair_fedhas, sprint_mu_vaults_butterflies,
          sprint_mu_slime_circle, sprint_mu_shoals_kraken,
          sprint_mu_snake_twists, sprint_mu_blade_basic,
          sprint_mu_crypt_chambers, sprint_mu_tomb_spiral,
          sprint_mu_vestibule_basic, sprint_mu_gehenna_hellfire,
          sprint_mu_dis_giant, sprint_mu_tartarus_statrot,
          sprint_mu_cocytus_islands, sprint_mu_zot1]

Notes
Turn   | Place    | Note
-------+----------+-------------------------------------------
     0 | D        | ABBCCCDDDD the Octopode Fighter began the quest for the
                  | Orb.
     0 | D        | Reached XP level 1. HP: 16/16 MP: 1/1
    84 | D        | Noticed Jessica
    90 | D        | Killed Jessica
    91 | D        | Reached XP level 2. HP: 7/22 MP: 2/2
    91 | D        | Reached XP level 3. HP: 9/27 MP: 3/3
   316 | D        | Noticed Crazy Yiuf
   323 | D        | Killed Crazy Yiuf
   324 | D        | Reached skill level 5 in Dodging
   324 | D        | Reached skill level 5 in Shields
   324 | D        | Reached XP level 4. HP: 20/34 MP: 4/4
   353 | D        | Noticed a water elemental
   364 | D        | Killed a water elemental
   365 | D        | Reached skill level 5 in Fighting
   365 | D        | Reached skill level 5 in Unarmed Combat
   365 | D        | Reached XP level 5. HP: 18/41 MP: 5/5
   543 | D        | Gained mutation: You are resistant to electric shocks.
                  | (rElec) [potion of mutation]
   543 | D        | Gained mutation: You occasionally shout uncontrollably at
                  | your foes. [potion of mutation]
   543 | D        | Gained mutation: You are weak. (Str -2) [potion of
                  | mutation]
   543 | D        | Gained mutation: You are partially covered in large bone
                  | plates. (SH +4) [potion of mutation]
   550 | D        | Found a hide-covered altar of Uskayaw.
   550 | D        | Found an iron altar of Okawaru.
   550 | D        | Found a bloodstained altar of Trog.
   550 | D        | Found an ornate altar of the Wu Jian Council.
   550 | D        | Noticed a human
   551 | D        | Noticed a human
   556 | D        | Killed a human
   557 | D        | Reached XP level 6. HP: 47/47 MP: 6/6
   558 | D        | Killed a human
   620 | D        | Became a worshipper of Trog the Wrathful
   631 | D        | Noticed a shadow
   640 | D        | Splashed by a jelly's acid

Table legend: (Time is in decaauts)
 A = Elapsed time spent in this place.
 B = Non-inter-level travel time spent in this place.
 C = Inter-level travel time spent in this place.
 D = Time resting spent in this place.
 E = Time spent auto-exploring this place.
 F = Levels seen in this place.
 G = Mean time per level.
                   A        B        C        D        E       F      G
               +--------+--------+--------+--------+--------+-----+--------+
         Total |    638 |    638 |      0 |    501 |     19 |   1 |  638.0 |
       Dungeon |    638 |    638 |      0 |    501 |     19 |   1 |  638.0 |
               +--------+--------+--------+--------+--------+-----+--------+

Top non-repeatable levels by time:
       D: 638 daAuts

Table legend:
 A = Kills in this place as a percentage of kills in entire the game.
 B = Kills by you in this place as a percentage of kills by you in the entire game.
 C = Kills by friends in this place as a percentage of kills by friends in the entire game.
 D = Other kills in this place as a percentage of other kills in the entire game.
 E = Experience gained in this place as a percentage of experience gained in the entire game.
 F = Experience gained in this place divided by the number of levels of this place that you have seen.
                   A       B       C       D       E      F
               +-------+-------+-------+-------+-------+----------------------
         Total | 100.0 | 100.0 |   N/A |   N/A | 100.0 | 570.0
       Dungeon | 100.0 | 100.0 |   N/A |   N/A | 100.0 | 570.0
               +-------+-------+-------+-------+-------+----------------------

Action                   |  1- 3 |  4- 6 || total
-------------------------+-------+-------++-------
Melee: Unarmed           |    21 |    22 ||    43
       Tentacles         |     4 |     3 ||     7
       Constrict         |     3 |     2 ||     5
       Punch             |     1 |     1 ||     2
  Use: Potion            |     1 |     2 ||     3
 Stab: Sleeping          |     1 |     1 ||     2
Armor: Skin              |     2 |       ||     2
Dodge: Dodged            |     6 |     7 ||    13
Block: Kite shield       |     9 |     6 ||    15

Vanquished Creatures
  A water elemental (D)
  Crazy Yiuf (D)
  Jessica (D)
  3 humans (D)
  An endoplasm (D)
  2 rats (D)
9 creatures vanquished.
